 Dungeon Crawl Stone Soup version 0.23.0 (webtiles) character file.

Game seed: 1471269638159882482

107 Monsterracer the Sneak (level 4, -8/21 HPs)
             Began as a Spriggan Enchanter on Feb 18, 2019.
             Killed by divine providence
             ... invoked by an orc priest
              (10 damage)
             ... on level 3 of the Dungeon.
             The game lasted 00:03:53 (1554 turns).

Monsterracer the Sneak (Spriggan Enchanter)         Turns: 1554, Time: 00:03:54

Health: -8/21      AC:  2    Str:  4    XL:     4   Next: 56%
Magic:  0/11       EV: 18    Int: 17    God:
Gold:   155        SH:  0    Dex: 16    Spells: 2/11 levels left

rFire    . . .     SeeInvis +   a - +2 dagger (venom)
rCold    . . .     Gourm    .   (shield restricted)
rNeg     . . .     Faith    .   b - +0 robe
rPois    .         Spirit   .   (helmet restricted)
rElec    .         Reflect  .   (no cloak)
rCorr    .         Harm     .   (gloves unavailable)
MR       .....                  (boots unavailable)
Stlth    +++.......             (no amulet)
HPRegen  0.07/turn              (no ring)
MPRegen  0.12/turn              (no ring)

@: very quick
A: very small, unfitting armour, see invisible, herbivore, speed 3, slow
metabolism 2
a: no special abilities


You were on level 3 of the Dungeon.
You were not hungry.

You visited 1 branch of the dungeon, and saw 3 of its levels.

You collected 155 gold pieces.

Inventory:

Hand Weapons
 a - a +2 dagger of venom (weapon)
Armour
 b - a +0 robe (worn)
Scrolls
 d - 3 scrolls of remove curse {unknown}
 e - 2 scrolls of teleportation {unknown}
 i - a scroll of noise {unknown}
 k - a scroll of immolation {unknown}
Potions
 f - a potion of degeneration {unknown}
 g - a potion of mutation {unknown}
 h - a potion of heal wounds {unknown}
 j - a potion of agility {unknown}
Comestibles
 c - 3 rations


   Skills:
 + Level 2.3 Short Blades
 - Level 3.0 Dodging
 + Level 5.4 Stealth
 * Level 4.3 Spellcasting
 + Level 4.3 Hexes


You had 2 spell levels left.
You knew the following spells:

 Your Spells              Type           Power        Failure   Level  Hunger
a - Dazzling Spray        Conj/Hex       ##....       19%         3    ###....
b - Ensorcelled Hibernat  Hex/Ice        ##....       10%         2    ##.....
c - Confuse               Hex            ###.....     8%          3    ###....
j - Corona                Hex            ###....      2%          1    None

Your spell library contained the following spells:

 Spells                   Type           Power        Failure   Level  Hunger
 Tukima's Dance           Hex            ###.....     8%          3    ###....


Dungeon Overview and Level Annotations

Branches:
Dungeon (3/15)

Altars:


Innate Abilities, Weirdness & Mutations

You are very small and have problems with some larger weapons.
You are too small for most types of armour.
You have supernaturally acute eyesight. (SInv)
You are a herbivore.
You cover ground extremely quickly.
You need to consume almost no food.


Message History

You regained 4 hp, and now have 20/21 hp.
MP restored: 11 A bat is nearby!
A bat is nearby!
You see here a leopard gecko corpse.
An orc comes into view. It is wielding a -3 club.
You hit the bat.
The bat is poisoned.
The bat is severely wounded.
The bat hits you but does no damage.
You hit the bat.
You kill the bat!
An orc wizard comes into view. It is wielding a +0 dagger.
Found an escape hatch in the ceiling.
Health restored: 21 A kobold and 2 orcs come into view.
The orc wizard shouts!
The orc shouts!
You hear a shout!
An orc priest comes into view. It is wielding a +0 flail.
You hear a shout!
The orc shouts!
You hear a shout! x2
An orc priest comes into view. It is wielding a +0 club.
The orc wizard casts a spell.
The orc wizard blinks!
Found a glowing whip.
What are your orders? t - Shout!
Orders for allies: a - Attack new target. r - Retreat! s - Stop attacking. g - Guard the area. f - Follow me.
Anything else - Cancel.
You shout for attention!
You start waiting.
The orc priest is too close now for your liking.
Casting: Dazzling Spray (safe; 21% risk of failure)
Confirm with . or Enter, or press ? or * to list all spells.
Aiming: Confuse (safe; 9% risk of failure)
Press: ? - help, Shift-Dir - straight line, f - orc priest
Aim: an orc priest, wielding a +0 club (chance to defeat MR: 48%)
The orc priest appears confused.
You now have 8/11 mp.
The orc shouts!
You hit the orc priest but do no damage.
The orc priest is poisoned.
The orc barely misses you.
You hit the orc priest but do no damage.
The orc priest looks as sick as possible!
The orc priest misses you.
The orc wizard mumbles some strange words.
The orc wizard blinks!
The orc misses you.
You hit the orc priest but do no damage.
The orc priest looks as sick as possible!
The orc priest is moderately wounded.
The orc barely misses you. The orc priest barely misses you.
The orc priest hits the orc with a +0 club.
The orc priest hits itself but does no damage.
The orc misses you.
You barely miss the orc priest. The orc completely misses you.
The orc priest mumbles some strange prayers to Beogh against you.
Beogh smites you!
Ouch! That really hurt!
* * * LOW HITPOINT WARNING * * *
The orc misses you.
You take 16 damage, and have 5/21 hp.
MASSIVE DAMAGE!!
Unknown command.
You hit the orc priest.
The orc priest is poisoned.
The orc priest is lightly wounded.
You kill the orc priest!
The orc priest completely misses you. The orc misses you. The orc hits you.
* * * LOW HITPOINT WARNING * * *
You take 3 damage, and have 2/21 hp.
Unknown command.
Casting: Confuse (safe; 8% risk of failure)
Confirm with . or Enter, or press ? or * to list all spells.
Aiming: Ensorcelled Hibernation (safe; 10% risk of failure)
Press: ? - help, Shift-Dir - straight line, f - orc
Aim: an orc, wearing a +0 scale mail (chance to defeat MR: 60%)
Okay, then.
Okay, then.
Casting: Ensorcelled Hibernation (safe; 10% risk of failure)
Confirm with . or Enter, or press ? or * to list all spells.
Aiming: Confuse (safe; 8% risk of failure)
Press: ? - help, Shift-Dir - straight line, f - orc priest
Aim: an orc priest, wielding a +0 flail (lightly wounded, poisoned, chance to defeat MR: 49%)
The orc priest resists with some effort.
You now have 6/11 mp.
The orc priest looks braver for a moment.
Casting: Confuse (safe; 8% risk of failure)
Confirm with . or Enter, or press ? or * to list all spells.
Aiming: Confuse (safe; 8% risk of failure)
Press: ? - help, Shift-Dir - straight line, f/p - orc priest
Aim: an orc priest, wielding a +0 flail (lightly wounded, poisoned, chance to defeat MR: 49%)
The orc priest resists with some effort.
The orc misses you. The orc hits you but does no damage.
You now have 3/11 mp.
Casting: Confuse (safe; 8% risk of failure)
Confirm with . or Enter, or press ? or * to list all spells.
Aiming: Confuse (safe; 8% risk of failure)
Press: ? - help, Shift-Dir - straight line, f/p - orc priest
Aim: an orc priest, wielding a +0 flail (lightly wounded, poisoned, chance to defeat MR: 49%)
The orc priest resists with some effort.
The orc priest invokes the aid of Beogh against you.
Beogh smites you!
You die...

#.........#
#.........#
#.........#
#..<......#
#>........#######
##.......###....#
#.........##....#
###.........##....#
##....@o.....##....#
.........o....##....##
###.#...oo....##.....#
...##.......####..#.##
. ##..)...####.##..##
###.##............
#.#####..####... #.#
#...####... #.#
#..........


You could see an orc priest and 3 orcs.

Vanquished Creatures
  An orc priest (D:3)
  2 adders (D:2)
  An ooze (D:1)
  A worm (D:2)
  2 dart slugs
  A leopard gecko (D:3)
  2 giant cockroaches (D:1)
  5 goblins
  3 hobgoblins
  8 jackals
  7 bats
  4 frilled lizards
  5 kobolds
  7 rats
49 creatures vanquished.

Notes
Turn   | Place    | Note
-------+----------+-------------------------------------------
     0 | D:1      | Monsterracer the Spriggan Enchanter began the quest for the
                  | Orb.
     0 | D:1      | Reached XP level 1. HP: 9/9 MP: 5/5
   115 | D:1      | Reached XP level 2. HP: 13/13 MP: 7/7
   237 | D:1      | HP: 6/13 [goblin (4)]
   260 | D:1      | Learned a level 2 spell: Ensorcelled Hibernation
   520 | D:1      | Reached XP level 3. HP: 15/16 MP: 8/8
   525 | D:1      | Learned a level 3 spell: Confuse
   954 | D:2      | Reached skill level 5 in Stealth
  1128 | D:2      | Reached XP level 4. HP: 21/21 MP: 11/11
  1154 | D:2      | Learned a level 3 spell: Dazzling Spray
  1547 | D:3      | HP: 5/21 [orc priest/divine providence (16)]
  1548 | D:3      | HP: 2/21 [orc (3)]
  1554 | D:3      | Killed from afar by an orc priest

Skill      XL: |  1  2  3 |
---------------+----------+-----
Spellcasting   | 3 4 |  4.3
Hexes          | 4 |  4.3
Stealth        | 5 |  5.4
Short Blades   | 2 |  2.3
Dodging        | |  3.0

Action                   |  1- 3 |  4- 6 || total
-------------------------+-------+-------++-------
Melee: Dagger            |    97 |    18 ||   115
 Cast: Corona            |     1 |       ||     1
       Confuse           |       |     4 ||     4
       Ensorcelled Hiber |       |     1 ||     1
       Dazzling Spray    |       |     1 ||     1
 Stab: Sleeping          |    13 |     2 ||    15
Armor: Robe              |     7 |     2 ||     9
Dodge: Dodged            |    73 |    16 ||    89

Levels and vault maps discovered:
D:1:      dpeg_arrival_rooms_b, layout_loops_cross, minmay_close_crescents
D:2:      layout_rooms, first_ration, serial_bayou_pond_a,
          chequers_serial_rivers_micro_d
D:3:      layout_rooms
